 Dungeon Crawl Stone Soup version 0.29.1-15-g9cfb28693d (webtiles) character file.

Game seed: 17274102356839049029

444 Mysteryquy the Cudgeller (level 7, -4/44 HPs)
             Began as a Gargoyle Fighter on Apr 26, 2023.
             Slain by a kobold
             ... wielding a +0 whip of distortion
              (15 damage)
             ... on level 3 of the Dungeon.
             The game lasted 00:04:53 (2823 turns).

Mysteryquy the Cudgeller (Gargoyle Fighter)         Turns: 2823, Time: 00:04:54

Health: -4/44      AC: 14    Str: 22    XL:     7   Next: 3%
Magic:  7/7        EV:  8    Int:  8    God:
Gold:   101        SH:  8    Dex:  9    Spells: 6/6 levels left

rFire   . . .      SeeInvis .   a - +0 flail
rCold   . . .      Faith    .   q - +0 kite shield
rNeg    + . .      Spirit   .   b - +0 scale mail
rPois   ∞          Reflect  .   (no helmet)
rElec   +          Harm     .   u - +0 cloak
rCorr   .          Rampage  .   p - +0 pair of gloves
Will    .....                   (no boots)
Stlth   ..........              (no amulet)
HPRegen 0.14/turn               (no ring)
MPRegen 0.10/turn               (no ring)

@: mighty
A: sickness immunity, AC +4, negative energy resistance 1, electricity
resistance, torment resistance 1, petrification resistance
a: no special abilities


You were on level 3 of the Dungeon.
You visited 1 branch of the dungeon, and saw 3 of its levels.

You collected 101 gold pieces.

Inventory:

Hand Weapons
 a - a +0 flail (weapon)
Armour
 b - a +0 scale mail (worn)
 c - a +0 buckler
 p - a +0 pair of gloves (worn)
 q - a +0 kite shield (worn)
 u - a +0 cloak (worn)
Jewellery
 n - a ring of positive energy
 v - a +6 ring of intelligence
Scrolls
 g - 2 scrolls of enchant armour {unknown}
 h - 2 scrolls of fog {unknown}
 j - a scroll of noise {unknown}
 m - 2 scrolls of identify {unknown}
 r - 2 scrolls of blinking {unknown}
 s - a scroll of fear {unknown}
 w - a scroll of amnesia {unknown}
Potions
 e - a potion of brilliance {unknown}
 f - 2 potions of degeneration {unknown}
 i - a potion of mutation {unknown}
 k - a potion of invisibility {unknown}
 l - 2 potions of ambrosia {unknown}
 o - a potion of heal wounds {unknown}
 t - a potion of curing {unknown}


   Skills:
 + Level 4.4 Fighting
 + Level 5.0 Maces & Flails
 + Level 4.7 Armour
 + Level 1.0 Dodging
 + Level 0.6 Stealth
 + Level 4.2 Shields


You had 6 spell levels left.
You didn't know any spells.
Your spell library was empty.

Dungeon Overview and Level Annotations

Branches:
Dungeon (3/15)

Altars:
Fedhas

Shops:
D:3 *?(*


Innate Abilities, Weirdness & Mutations

You are immune to sickness and miasma.
Your stone body is resilient. (AC +4)
You are immune to poison.
You resist negative energy. (rN+)
You are resistant to electric shocks. (rElec)
You are resistant to unholy torment.
You are immune to petrification.


Message History

You barely miss the kobold.
The kobold hits you with a +0 whip of distortion.
You blink.
The kobold throws a stone.
You block the stone.
The kobold throws a stone.
The stone closely misses you.
There is an open door here.
You feel very mighty all of a sudden.
You closely miss Peloso's ghost. Peloso's ghost barely misses you.
You thump Peloso's ghost!
Peloso's ghost is moderately damaged.
You block Peloso's ghost's attack.
You hit Peloso's ghost.
Peloso's ghost is moderately damaged.
You block Peloso's ghost's attack. Peloso's ghost barely misses you.
You closely miss Peloso's ghost.
Peloso's ghost is moderately damaged.
Peloso's ghost hits you.
You sock Peloso's ghost!
Peloso's ghost is heavily damaged.
Peloso's ghost hits you but does no damage.
You thump Peloso's ghost!
Peloso's ghost is almost destroyed.
Peloso's ghost hits you!
* * * LOW HITPOINT WARNING * * *
You block Peloso's ghost's attack.
You barely miss Peloso's ghost.
Peloso's ghost is almost destroyed.
Peloso's ghost screams, "You must not succeed where I failed!"
You block Peloso's ghost's attack.
You sock Peloso's ghost!
You destroy Peloso's ghost!
The kobold hits you but does no damage.
Your Maces & Flails skill increases to level 5!
Your Dodging skill increases to level 1!
You have reached level 7!
You barely miss the kobold.
The kobold hits you with a +0 whip of distortion.
* * * LOW HITPOINT WARNING * * *
Space warps horribly around you!
You die...

#.......# #.# #.......#
#.# ###.......# #.#
###......#### #.#
..+......# #.#
###......####### #.#
)###.###..<....# #.# ##
......##...[..K######.#
.##
.#####........KK@.....#
##.##
##~⌠~##........######.#
#.PP##
#.....#........######.#


#PPP# ..###.'........#......# ##..## (.....'........#.####.# #....##
$.###.'........#.# #.# ##....# #.....#........#.# #.# #.....#
##~⌠~##........#.####.# #.##### .#####).......##.##...# #.# You could see 3
kobolds.

Vanquished Creatures
  Sigmund (D:2)
  The ghost of Peloso the Covered, an amateur MiFi (D:3)
  A kobold brigand (D:3)
  Jessica (D:2)
  An orc wizard (D:3)
  An adder (D:2)
  A worm (D:2)
  2 dart slugs
  4 orcs (D:3)
  3 bats
  5 endoplasms
  3 giant cockroaches (D:3)
  3 goblins
  5 hobgoblins
  10 kobolds
  3 quokkas
  4 ball pythons
  7 frilled lizards
  3 rats
59 creatures vanquished.

Vanquished Creatures (others)
  3 fungi (D:3)
  A plant (D:3)
4 creatures vanquished.

Grand Total: 63 creatures vanquished

Notes
Turn   | Place    | Note
-------+----------+-------------------------------------------
     0 | D:1      | Mysteryquy the Gargoyle Fighter began the quest for the
                  | Orb.
     0 | D:1      | Reached XP level 1. HP: 14/14 MP: 1/1
   191 | D:1      | Reached XP level 2. HP: 18/19 MP: 2/2
   740 | D:2      | Noticed Jessica
   750 | D:2      | Killed Jessica
   751 | D:2      | Reached XP level 3. HP: 24/24 MP: 3/3
   753 | D:2      | Found a faded altar of an unknown god.
  1195 | D:2      | Reached skill level 3 in Maces & Flails
  1195 | D:2      | Reached XP level 4. HP: 29/29 MP: 4/4
  1309 | D:2      | Identified the +7 short sword of Caicaish {holy, Stlth+}
  1353 | D:2      | Noticed Sigmund
  1363 | D:2      | Killed Sigmund
  1364 | D:2      | Reached skill level 4 in Maces & Flails
  1364 | D:2      | Reached XP level 5. HP: 20/33 MP: 5/5
  1364 | D:2      | Reached XP level 6. HP: 23/38 MP: 6/6
  1584 | D:3      | Found Pargh's General Store.
  1632 | D:3      | Found Xiokaxit's Antique Weapon Shoppe.
  1810 | D:3      | Found a runed translucent gate.
  1810 | D:3      | Found a runed translucent gate.
  1810 | D:3      | Found a runed translucent gate.
  1811 | D:3      | Noticed Peloso's ghost (amateur MiFi)
  1825 | D:3      | Identified the +1 robe of Cuutaom {+Blink rPois Str-2}
  2132 | D:3      | Found Moria's Assorted Antiques.
  2228 | D:3      | Found Ruidewn's Magic Scroll Boutique.
  2469 | D:3      | Found a blossoming altar of Fedhas.
  2822 | D:3      | Killed Peloso's ghost
  2823 | D:3      | Reached skill level 5 in Maces & Flails
  2823 | D:3      | Reached skill level 1 in Dodging
  2823 | D:3      | Reached XP level 7. HP: 12/44 MP: 7/7
  2823 | D:3      | Slain by a kobold

Illustrated notes

Levels and vault maps discovered:
D:1:      scummos_arrival_simple_crosswalls, layout_basic
D:2:      layout_basic, shapermc_ecumenical_altar_pompeii, uniq_sigmund,
          uniq_jessica
D:3:      layout_basic, fedhas_altar_4, serial_shops, shop, shop,
          nicolae_shop_window_shopping, nicolae_shop_waterfront,
          gammafunk_ghost_nasty_kobolds, uniq_crazy_yiuf_cottage

Skill      XL: |  1  2  3  4  5  6 |
---------------+-------------------+-----
Maces & Flails | 3 4 5 |  5.0
Fighting       | 4 |  4.4
Armour         | 4 |  4.7
Shields        | 4 |  4.2
Dodging        | 1 |  1.0
Stealth        | |  0.6

Action                   |  1- 3 |  4- 6 |  7- 9 || total
-------------------------+-------+-------+-------++-------
Melee: Flail             |    84 |   112 |     1 ||   197
  Use: Potion            |       |     2 |       ||     2
Armor: Scale mail        |    31 |    52 |       ||    83
Dodge: Dodged            |    37 |    36 |       ||    73
Block: Buckler           |    22 |     2 |       ||    24
       Kite shield       |       |    35 |       ||    35
